 Dungeon Crawl Stone Soup version 0.28-a0-1347-g113dc556a4 (webtiles) character file.

Game seed: 8174366649120350364

100 browni3141 the Chopper (level 4, -3/36 HPs)
             Began as a Ghoul Gladiator on Dec 29, 2021.
             Slain by a gnoll (6 damage)
             ... on level 2 of the Dungeon.
             The game lasted 00:03:06 (1850 turns).

browni3141 the Chopper (Ghoul Gladiator)            Turns: 1850, Time: 00:03:07

Health: -3/36      AC:  4    Str: 19    XL:     4   Next: 74%
Magic:  3/3        EV: 12    Int:  3    God:
Gold:   40         SH:  0    Dex: 10    Spells: 3/3 levels left

rFire   . . .      SeeInvis .   a - +0 war axe
rCold   + . .      Faith    .   (no shield)
rNeg    + + +      Spirit   .   b - +0 leather armour
rPois   ∞          Reflect  .   c - +0 helmet
rElec   .          Harm     .   (no cloak)
rCorr   .          Rampage  .   (no gloves)
Will    .....                   (no boots)
Stlth   ++........              (no amulet)
HPRegen 0.00/turn               (no ring)
MPRegen 0.08/turn               (no ring)

@: inhibited regen
A: claws 1, cold resistance 1, negative energy resistance 3, inhibited
regeneration, torment resistance 2
a: no special abilities


You were on level 2 of the Dungeon.
You visited 1 branch of the dungeon, and saw 2 of its levels.

You collected 40 gold pieces.

Inventory:

Hand Weapons
 a - a +0 war axe (weapon)
Missiles
 d - 3 throwing nets
 e - 54 stones (quivered)
Armour
 b - a +0 leather armour (worn)
 c - a +0 helmet (worn)
 h - an orb of light
Scrolls
 f - 2 scrolls of blinking {unknown}
 g - a scroll of teleportation {unknown}


   Skills:
 - Level 2.1 Fighting
 * Level 4.2 Axes
 - Level 1.7 Throwing
 - Level 2.6 Dodging
 + Level 2.6 Stealth


You had 3 spell levels left.
You didn't know any spells.
Your spell library was empty.

Dungeon Overview and Level Annotations

Branches:
Dungeon (2/15)

Altars:


Innate Abilities, Weirdness & Mutations

You thrive by killing the living.
You are immune to poison.
You have sharp fingernails.
Your flesh is cold resistant. (rC+)
You are immune to negative energy. (rN+++)
You do not regenerate when monsters are visible.
You are immune to unholy pain and torment.


Message History

You are too injured to fight recklessly!
You are too injured to fight recklessly!
You are too injured to fight recklessly!
You aren't carrying any items that you can evoke.
You are too injured to fight recklessly!
Throw: 55 stones
Press: ? - help, Q - select action, (/) - cycle Shift-Dir - straight line, f - gnoll
Aim: a gnoll, wielding a +0 flail (lightly wounded, 60% to hit)
You throw a stone. The stone barely misses the gnoll.
Unknown command.
You barely miss the gnoll.
The gnoll is lightly wounded.
The gnoll hits you with a +0 flail!
* * * LOW HITPOINT WARNING * * *
The gnoll hits you with a +0 flail.
* * * LOW HITPOINT WARNING * * *
Things that are here:
a +0 dagger; a +0 club; a staff of fire Unknown command.
You aren't carrying any potions.
You see here 19 bolts.
You see here a +0 dagger.
There is a stone staircase leading up here.
Found a club.
Things that are here:
a +0 club; a +0 hunting sling You see here a +0 dagger.
Items here: )) ††.
There is a stone staircase leading down here.
The gnoll barely misses you.
The gnoll shouts!
The gnoll barely misses you.
You slash the gnoll!
The gnoll is severely wounded.
You hit the gnoll. The gnoll closely misses you. x2
You closely miss the gnoll.
The gnoll is severely wounded.
You hit the gnoll. The gnoll barely misses you.
The gnoll closely misses you. x2
The gnoll hits you with a +0 halberd.
You die...

#..###)# ####..........####
####.#...## ##.......#.....
#........# ##.)......#
#..#.#g#.# #########...###.#
#..#.#(#.###......##..####.#
#..#...#.#.....##.##....##.###
#..##..#.#..>..##.##.g..##....
#..##..#.#...g.##g##..........
#........#....@##.##..........
#####..###...gg##.###..#######
###.#####......# #..## #.†...#
###.######...# #.#.#.##
#...)g)g...# #.#....#
##.###)#)..# #<###..# #.#
#...### #......# #.###.###
######.# ##...##


You could see 3 gnolls.

Vanquished Creatures
  Robin (D:2)
  A gnoll (D:2)
  2 adders (D:2)
  A worm (D:2)
  A bat (D:2)
  3 endoplasms
  2 giant cockroaches (D:1)
  11 goblins
  8 hobgoblins
  4 jackals (D:1)
  7 kobolds
  3 quokkas (D:1)
  5 ball pythons
  2 frilled lizards (D:1)
51 creatures vanquished.

Vanquished Creatures (others)
  2 fungi (D:1)
  6 plants (D:1)
8 creatures vanquished.

Grand Total: 59 creatures vanquished

Notes
Turn   | Place    | Note
-------+----------+-------------------------------------------
     0 | D:1      | browni3141 the Ghoul Gladiator began the quest for the Orb.
     0 | D:1      | Reached XP level 1. HP: 17/17 MP: 0/0
   172 | D:1      | Reached skill level 3 in Axes
   173 | D:1      | Reached XP level 2. HP: 21/24 MP: 1/1
   175 | D:1      | Reached skill level 1 in Stealth
   471 | D:1      | Reached XP level 3. HP: 20/29 MP: 2/2
   687 | D:1      | Found a faded altar of an unknown god.
  1312 | D:2      | Noticed Robin
  1330 | D:2      | Killed Robin
  1331 | D:2      | Reached XP level 4. HP: 14/36 MP: 3/3
  1347 | D:2      | Reached skill level 4 in Axes
  1850 | D:2      | Slain by a gnoll

Illustrated notes

Levels and vault maps discovered:
D:1:      sevenhm_arrival_forest_fort_small_4, layout_basic,
          shapermc_ecumenical_altar_hornbeckon
D:2:      layout_loops_cross, uniq_robin

Skill      XL: |  1  2  3  4 |
---------------+-------------+-----
Axes           | 3 4 |  4.2
Stealth        | 1 2 |  2.6
Fighting       | |  2.1
Throwing       | |  1.7
Dodging        | |  2.6

Action                   |  1- 3 |  4- 6 || total
-------------------------+-------+-------++-------
Melee: War axe           |   124 |    35 ||   159
Throw: Stone             |     3 |     3 ||     6
 Stab: Sleeping          |     2 |       ||     2
Armor: Leather armour    |    44 |    11 ||    55
Dodge: Dodged            |   113 |    32 ||   145

Table legend: (Time is in decaauts)
 A = Elapsed time spent in this place.
 B = Non-inter-level travel time spent in this place.
 C = Inter-level travel time spent in this place.
 D = Time resting spent in this place.
 E = Time spent auto-exploring this place.
 F = Levels seen in this place.
 G = Mean time per level.
                   A        B        C        D        E       F      G
               +--------+--------+--------+--------+--------+-----+--------+
         Total |   1910 |   1828 |     82 |    126 |   1201 |   2 |  955.0 |
       Dungeon |   1910 |   1828 |     82 |    126 |   1201 |   2 |  955.0 |
               +--------+--------+--------+--------+--------+-----+--------+

Top non-repeatable levels by time:
     D:1: 1286 daAuts
     D:2: 623 daAuts
